 Dungeon Crawl Stone Soup version 0.16-a0-4113-g7d8e295 (console) character file.

2540 Monkaria the Grappler (level 9, 0/81 HPs)
             Began as a Troll Chaos Knight on Mar 1, 2015.
             Slain by an orc warrior
             ... wielding a +0 glaive
              (17 damage)
             ... on level 7 of the Dungeon.
             The game lasted 00:16:25 (5920 turns).

Monkaria the Grappler (Troll Chaos Knight)          Turns: 5920, Time: 00:16:25

Health: 0/81       AC: 11    Str: 22    XL:     9   Next: 30%
Magic:  3/3        EV: 10    Int:  8    God:    Xom [*.....]
Gold:   47         SH:  0    Dex: 12    Spells: 0 memorised, 8 levels left

rFire  . . .     SeeInvis .       - Unarmed
rCold  + . .     Clarity  .     b - +2 robe (curse)
rNeg   . . .     SustAb   .     (shield restricted)
rPois  .         Gourm    +     C - +2 hat
rElec  .         Spirit   .     (no cloak)
rCorr  .         Warding  .     (gloves unavailable)
rMut   .         Stasis   .     (boots unavailable)
MR     .....                    (no amulet)
Stlth  +.........               (no ring)
                                (no ring)

@: confused, not resistant to hostile enchantments, very unstealthy
A: unfitting armour, claws 3, thin metallic scales 1, cold resistance 1,
deterioration 1, fast metabolism 3, gourmand, low mp 1, regeneration 2, shaggy
fur 1, tough skin 2, forlorn
a: Renounce Religion


You were on level 7 of the Dungeon.
You worshipped Xom.
You were a special plaything of Xom.
You were not hungry.

You visited 2 branches of the dungeon, and saw 8 of its levels.
You also visited: Ossuary.

You collected 425 gold pieces.
You spent 378 gold pieces at shops.

Inventory:

Hand weapons
 p - a +0 battleaxe
 t - a +2 dagger of venom
Missiles
 r - 4 needles of paralysis
 A - 31 poisoned needles
 D - 4 tomahawks (quivered)
Armour
 b - a cursed +2 robe (worn)
 n - a +0 large shield
 C - a +2 hat (worn)
Magical devices
 l - a wand of disintegration (13)
 w - a wand of magic darts (24)
 x - a wand of disintegration (14)
 F - a wand of magic darts (29)
Scrolls
 c - 3 scrolls of identify
 e - 2 scrolls of remove curse
 g - 2 scrolls of immolation
 j - 3 scrolls of enchant armour
 k - 4 scrolls of amnesia
 o - 3 scrolls of recharging
 u - a scroll of fear
 B - a scroll of blinking {unknown}
 E - 2 scrolls of teleportation {unknown}
 G - a scroll of fog {unknown}
Potions
 i - 7 potions of heal wounds
 m - 2 potions of might
 s - 3 potions of curing
 I - a potion of brilliance
 J - a potion of haste {unknown}
 K - a potion of flight
 L - a potion of restore abilities {unknown}
 M - a potion of resistance
Books
 d - a Necronomicon {highlevel, unknown}

   This book is beyond your current level of understanding.

   Spells                             Type                      Level
   a - Haunt                          Necromancy/Summoning         7
   b - Borgnjor's Revivification      Necromancy                   8
   c - Death's Door                   Charms/Necromancy            8
   d - Necromutation                  Transmutation/Necromancy     8
 y - a book of Dreams

   Spells                             Type                      Level
   a - Ensorcelled Hibernation        Hexes/Ice                    2
   b - Flight                         Charms/Air                   3
   c - Phase Shift                    Translocation                5
   d - Shadow Creatures               Summoning                    5
   e - Mass Confusion                 Hexes                        6
   f - Darkness                       Hexes                        7
Comestibles
 a - 4 meat rations
 h - 6 bread rations
 q - 3 fruits
 v - 2 beef jerkies


   Skills:
 - Level 3.0 Fighting
 - Level 2.2 Armour
 + Level 2.5 Dodging
 - Level 12.0 Unarmed Combat


You had 8 spell levels left.
You didn't know any spells.

Dungeon Overview and Level Annotations

Branches:
Dungeon (7/15)             Temple (1/1) D:5

Altars:
Ashenzari
Cheibriados
Dithmenos
Elyvilon
Fedhas
Gozag
Kikubaaqudgha
Makhleb
Okawaru
Qazlal
Ru
Sif Muna
Vehumet
Xom
Yredelemnul
The Shining One

Shops:
D:4 ((   D:5 ?   D:6 !:}


Innate Abilities, Weirdness & Mutations

You are too large for most types of armour.
You have claws for hands.
Your metabolism is lightning-fast.
You like to eat raw meat.
You heal very quickly.
You are covered in fur (AC +1).
You have very tough skin (AC +2).
You are partially covered in thin metallic scales (AC +2).
Your flesh is cold resistant.
Your body is slowly deteriorating.
Your magical capacity is low (-10% MP).
You have difficulty communicating with the divine.


Message History

Your ufetubus hits the orc warrior but does no damage.
Your ufetubus completely misses the orc warrior.
The orc hits you but does no damage. The orc warrior hits you with a glaive.
* * * LOW HITPOINT WARNING * * *
Drink which item? (? for menu, Esc to quit)
You are confused.
You feel invigorated.
Your ufetubus barely misses the orc warrior.
Your ufetubus hits the orc warrior but does no damage.
The orc hits you but does no damage.
Your ufetubus barely misses the orc warrior. x2
You claw the orc warrior!
The orc warrior is severely wounded.
The orc warrior hits you with a glaive!
* * * LOW HITPOINT WARNING * * *
Your ufetubus closely misses the orc warrior. x2
The orc completely misses you.
Your ufetubus closely misses the orc warrior. x2
The orc warrior hits you from afar with a glaive!
You die...

##.... ##### .....
##...## #...#
##.....## #...#
###.......# #...#
........5.# ###
#...##
#...)o..###.##
#...##
#..§§o###.#.###.....
##.@§....###.###..##
########.#.......#
#..#####.# ####..#
#.## ###.....# #...
.........# #...
.#..)#####>##
#...†.....#.
#..###.###.#


You could see an orc warrior (bleeding), an orc and a friendly ufetubus.

Vanquished Creatures
  A wraith (Ossuary)
  Edmund (D:6)
  2 water moccasins (D:6)
  An orc warrior (D:6)
  An ice beast (D:5)
  4 ogres
  A phantom (D:6)
  3 centaurs
  Sigmund (D:7)
  Blork the orc (D:4)
  2 giant frogs
  A scorpion (D:5)
  5 crimson imps
  3 orc wizards
  A jelly (D:6)
  A giant frog zombie (D:6)
  4 orc priests
  2 iguanas
  5 worker ants
  Ijyb (D:3)
  A mummy (Ossuary)
  4 river rats (D:6)
  8 adders
  2 gnolls (D:6)
  A shadow imp (D:4)
  A giant mite (D:7)
  4 worms
  An adder skeleton (D:4)
  3 giant geckos
  2 oozes
  26 orcs
  2 ball pythons
  7 bats
  A bat skeleton (D:6)
  4 giant cockroaches
  11 goblins
  13 hobgoblins
  8 jackals
  2 quokkas (D:3)
  A ball python skeleton (D:4)
  A giant cockroach zombie (D:5)
  A giant gecko zombie (D:6)
  2 giant newts
  5 gnoll skeletons (Ossuary)
  A jackal skeleton (D:5)
  14 kobolds
  8 kobold skeletons (Ossuary)
  12 orc skeletons (Ossuary)
  A quokka skeleton (D:7)
  13 rats
  A spectral orc (D:2)
202 creatures vanquished.

Vanquished Creatures (others)
  A human (D:2)
1 creature vanquished.

Grand Total: 203 creatures vanquished

Notes
Turn   | Place    | Note
--------------------------------------------------------------
     0 | D:1      | Monkaria, the Troll Chaos Knight, began the quest for the Orb.
     0 | D:1      | Reached XP level 1. HP: 22/22 MP: 1/1
    98 | D:1      | XOM: divination: magic mapping
   151 | D:1      | XOM: potion effect (might)
   210 | D:1      | XOM: potion effect (invisibility)
   212 | D:1      | XOM: silly message
   360 | D:1      | Reached XP level 2. HP: 29/29 MP: 1/1
   368 | D:1      | XOM: silly message
   672 | D:2      | XOM: potion effect (brilliance)
   673 | D:2      | Reached XP level 3. HP: 29/37 MP: 2/2
   903 | D:2      | Reached skill level 4 in Unarmed Combat
  1076 | D:2      | Found an ancient bone altar of Kikubaaqudgha.
  1084 | D:2      | Noticed a human
  1086 | D:2      | Killed a human
  1142 | D:2      | XOM: divination: magic mapping
  1289 | D:2      | Found a basalt altar of Yredelemnul.
  1585 | D:3      | Reached XP level 4. HP: 37/45 MP: 2/2
  1626 | D:3      | Found a shimmering altar of Xom.
  1644 | D:3      | Reached skill level 5 in Unarmed Combat
  1652 | D:3      | Reached XP level 5. HP: 53/53 MP: 2/2
  1768 | D:3      | XOM is BORED!
  1768 | D:3      | XOM: harmless Conj miscast
  1769 | D:3      | XOM: silly message
  1800 | D:3      | XOM: harmless Ice miscast
  1819 | D:3      | XOM: potion effect (invisibility)
  1820 | D:3      | Reached skill level 6 in Unarmed Combat
  1829 | D:3      | Reached XP level 6. HP: 42/61 MP: 3/3
  1832 | D:3      | Noticed Ijyb
  1840 | D:3      | Killed Ijyb
  1952 | D:3      | XOM: divination: detect creatures
  1997 | D:3      | Found a radiant altar of Vehumet.
  2075 | D:3      | XOM: divination: detect creatures
  2400 | D:4      | XOM: divination: magic mapping
  2410 | D:4      | Reached skill level 7 in Unarmed Combat
  2453 | D:4      | Noticed Blork the orc
  2461 | D:4      | Killed Blork the orc
  2497 | D:4      | Reached XP level 7. HP: 67/67 MP: 3/3
  2654 | D:4      | Found Zainer's Assorted Antiques.
  2658 | D:4      | Reached skill level 8 in Unarmed Combat
  2721 | D:4      | Found Joymar's Antique Weapon Shoppe.
  2887 | D:4      | Found a snail-covered altar of Cheibriados.
  2984 | D:4      | Found Trodd's Weapon Shoppe.
  3097 | D:4      | XOM: enchant monster (bad)
  3098 | D:4      | XOM: enchant monster (good)
  3163 | D:5      | Entered Level 5 of the Dungeon
  3163 | D:5      | XOM: enchant monster (good)
  3170 | D:5      | XOM is BORED!
  3170 | D:5      | XOM: polymorph ogre -> giant frog
  3216 | D:5      | XOM: enchant monster (good)
  3238 | D:5      | Found a staircase to the Ecumenical Temple.
  3252 | D:5      | Reached skill level 9 in Unarmed Combat
  3259 | Temple   | Entered the Ecumenical Temple
  3486 | D:5      | Found Vasizuv's Magic Scroll Boutique.
  3492 | D:5      | Bought 2 scrolls of identify for 44 gold pieces
  3492 | D:5      | Bought a scroll of fear for 38 gold pieces
  3492 | D:5      | Bought a scroll of recharging for 104 gold pieces
  3694 | D:5      | Reached XP level 8. HP: 64/75 MP: 3/3
  4060 | D:5      | XOM: god gift: 15 stones
  4254 | D:6      | Reached skill level 10 in Unarmed Combat
  4406 | D:6      | Found Mibiof's Book Shoppe.
  4437 | D:6      | Found Loosk's Gadget Shop.
  4437 | D:6      | Noticed Edmund
  4441 | D:6      | XOM: chaos cloud
  4444 | D:6      | Killed Edmund
  4678 | D:6      | XOM: mild Tloc miscast
  4692 | D:6      | Reached skill level 11 in Unarmed Combat
  4944 | D:6      | Found a sand-covered staircase.
  4958 | Ossuary  | Entered an ossuary
  5047 | Ossuary  | XOM: 1-stop teleportation journey
  5261 | D:6      | Reached XP level 9. HP: 30/81 MP: 4/4
  5330 | D:6      | XOM: divination: detect items
  5341 | D:6      | Reached skill level 12 in Unarmed Combat
  5392 | D:6      | XOM: give mutation
  5392 | D:6      | Gained mutation: Your flesh is cold resistant. [Xom's mischief]
  5624 | D:6      | Found Uqotwodd's Distillery.
  5628 | D:6      | Bought 2 potions of heal wounds for 120 gold pieces
  5628 | D:6      | Bought a potion of curing for 36 gold pieces
  5628 | D:6      | Bought a potion of curing for 36 gold pieces
  5814 | D:7      | Noticed Sigmund
  5821 | D:7      | Killed Sigmund
  5821 | D:7      | Reached skill level 1 in Dodging
  5837 | D:7      | Gained mutation: You possess an exceptional clarity of mind. [potion of mutation]
  5837 | D:7      | Gained mutation: Your magical capacity is low (-10% MP). [potion of mutation]
  5837 | D:7      | Lost mutation: You possess an exceptional clarity of mind. [potion of mutation]
  5838 | D:7      | Gained mutation: You are partially covered in thin metallic scales (AC +2). [potion of mutation]
  5838 | D:7      | Gained mutation: Your body is slowly deteriorating. [potion of mutation]
  5838 | D:7      | Gained mutation: You have difficulty communicating with the divine. [potion of mutation]
  5914 | D:7      | XOM: summons friendly ufetubus
  5916 | D:7      | XOM: smoke on damage
  5920 | D:7      | Slain by an orc warrior

Action                   |  1- 3 |  4- 6 |  7- 9 || total
-------------------------+-------+-------+-------++-------
Melee: Unarmed           |   100 |   140 |   326 ||   566
Evoke: Wand              |       |       |     2 ||     2
  Use: Scroll            |       |    13 |     7 ||    20
       Potion            |       |     1 |     4 ||     5
 Stab: Invisible         |       |     3 |       ||     3
       Paralysed         |       |       |     2 ||     2
  Eat: Chunk             |    19 |    10 |    21 ||    50
       Royal jelly       |       |       |     1 ||     1
       Pizza             |       |       |     1 ||     1
